 Dungeon Crawl Stone Soup version 0.30-a0-743-gbfdf073431 (webtiles) character file.

Game seed: 10339481179386168996

97 Lobster4 the Chopper (level 4, -7/40 HPs)
             Began as a Hill Orc Fighter on Feb 5, 2023.
             Killed by nerve-wracking pain
             ... invoked by an orc priest
              (11 damage)
             ... on level 3 of the Dungeon.
             The game lasted 00:05:11 (2428 turns).

Lobster4 the Chopper (Hill Orc Fighter)             Turns: 2428, Time: 00:05:12

Health: -7/40      AC: 16    Str: 20    XL:     4   Next: 68%
Magic:  4/4        EV:  9    Int:  8    God:
Gold:   64         SH:  4    Dex: 10    Spells: 3/3 levels left

rFire   . . .      SeeInvis .    a - +0 war axe
rCold   . . .      Faith    .    c - +0 buckler
rNeg    . . .      Spirit   .    b - +0 scale mail
rPois   .          Reflect  .    m - +1 helmet
rElec   .          Harm     .    (no cloak)
rCorr   .          Rampage  .    q - +1 pair of gloves
Will    .....                    j - +0 pair of boots Stlth
                                 (no amulet)
HPRegen 0.26/turn                i - +4 ring of protection
MPRegen 0.09/turn                n - ring of flight

@: flying
A: no striking features
a: Convert to Beogh


You were on level 3 of the Dungeon.
You visited 1 branch of the dungeon, and saw 3 of its levels.

You collected 163 gold pieces.
You spent 99 gold pieces at shops.

Inventory:

Hand Weapons
 a - a +0 war axe (weapon)
Missiles
 e - 2 stones (quivered)
Armour
 b - a +0 scale mail (worn)
 c - a +0 buckler (worn)
 j - a +0 pair of boots (worn)
 m - a +1 helmet (worn)
 q - a +1 pair of gloves (worn)
Jewellery
 i - a +4 ring of protection (left hand)
 n - a ring of flight (right hand)
Wands
 r - a wand of paralysis (14)
Scrolls
 f - 3 scrolls of identify
 h - 2 scrolls of teleportation
 k - a scroll of fear {unknown}
 l - 2 scrolls of enchant armour {unknown}
 p - a scroll of vulnerability {unknown}
Potions
 d - a potion of might
 g - a potion of berserk rage
 o - a potion of heal wounds


   Skills:
 + Level 4.3 Fighting
 * Level 4.5 Axes
 + Level 0.0 Throwing
 + Level 3.8 Armour
 + Level 3.8 Shields
 + Level 0.2 Evocations


You had 3 spell levels left.
You didn't know any spells.
Your spell library was empty.

Dungeon Overview and Level Annotations

Branches:
Dungeon (3/15)

Altars:

Shops:
D:1 *


Message History

You barely miss the jackal.
The jackal bites you but does no damage. x2
The worm barely misses you.
You barely miss the worm.
The worm is moderately wounded.
The orc priest shouts, "Join the one true god or die!"
You hit the jackal.
You kill the jackal!
You slash the worm!
The worm is severely wounded.
The worm barely misses you.
You slash the worm!
You kill the worm!
The orc priest shouts, "Surrender to Beogh and we'll let you live!"
The orc barely misses you.
The orc priest mumbles some strange prayers to Beogh against you.
Beogh smites you!
You slash the orc priest!
The orc priest shouts, "Surrender to Beogh and we'll let you live!"
The orc priest is severely wounded.
You barely miss the orc.
The orc priest shouts, "Join the one true god or die!"
The orc hits you with a +0 club.
The orc priest calls down the wrath of Beogh upon you.
Beogh smites you!
* * * LOW HITPOINT WARNING * * *
You barely miss the orc priest.
The orc priest shouts, "Surrender to Beogh and we'll let you live!"
The orc priest is severely wounded.
You hit the orc. You block the orc's attack.
The orc priest mumbles some strange prayers to Beogh against you.
Pain shoots through your body!
* * * LOW HITPOINT WARNING * * *
You barely miss the orc priest.
The orc priest is severely wounded.
You hit the orc.
You kill the orc!
The orc priest invokes the aid of Beogh against you.
Pain shoots through your body!
You die...

#..# #.# #.##. ### ..#
#.# #.#... #)##.. #.#
###...##S...### #.# .
...######.# #)# ...
(........####.###### #..#
#..................
h##...####.....###.######
##....bo@o####.##...#
!##...####.o...##..##
#..###........##.## ...
#.........###.# .
#...######.# #.#
#...##..[.### #.# #)..
#$##.. #.# ##. ###...#
..# ## .....## ###


You could see an orc priest, an adder, 2 orcs and a bat.

Vanquished Creatures
  2 adders (D:2)
  2 worms
  2 dart slugs
  3 orcs (D:3)
  5 ball pythons
  8 bats
  6 endoplasms
  A giant cockroach (D:1)
  7 goblins
  3 hobgoblins
  4 jackals (D:3)
  4 quokkas
  4 frilled lizards
  5 kobolds
  7 rats
63 creatures vanquished.

Notes
Turn   | Place    | Note
-------+----------+-------------------------------------------
     0 | D:1      | Lobster4 the Hill Orc Fighter began the quest for the Orb.
     0 | D:1      | Reached XP level 1. HP: 19/19 MP: 1/1
   136 | D:1      | Reached XP level 2. HP: 27/27 MP: 2/2
   167 | D:1      | Found Elastrae's General Store.
   455 | D:1      | Reached XP level 3. HP: 29/33 MP: 3/3
   725 | D:1      | Bought a potion of degeneration for 11 gold pieces
  1301 | D:2      | Reached XP level 4. HP: 26/40 MP: 4/4
  2013 | D:1      | Bought a scroll of teleportation for 33 gold pieces
  2013 | D:1      | Bought a potion of heal wounds for 55 gold pieces
  2428 | D:3      | Killed from afar by an orc priest

Illustrated notes

Levels and vault maps discovered:
D:1:      matt_arrival_grand_opening, layout_loops_ring, serial_shops,
          nicolae_shop_window_shopping
D:2:      layout_basic, minmay_tiny_reverse_x
D:3:      wander_river, layout_loops_ring, serial_shops, shop, minmay_puff

Skill      XL: |  1  2  3 |
---------------+----------+-----
Axes           | 3 4 |  4.5
Fighting       | 4 |  4.3
Armour         | |  3.8
Shields        | |  3.8
Evocations     | |  0.2

Action                     |  1- 3 |  4- 6 || total
---------------------------+-------+-------++-------
  Melee: War axe           |   126 |    54 ||   180
  Throw: Stone             |       |     3 ||     3
    Use: Scroll            |     1 |     2 ||     3
 Armour: Scale mail        |    64 |    25 ||    89
  Dodge: Dodged            |    64 |    22 ||    86
  Block: Buckler           |    29 |    10 ||    39

Table legend: (Time is in decaauts)
 A = Elapsed time spent in this place.
 B = Non-inter-level travel time spent in this place.
 C = Inter-level travel time spent in this place.
 D = Time resting spent in this place.
 E = Time spent auto-exploring this place.
 F = Levels seen in this place.
 G = Mean time per level.
                   A        B        C        D        E       F      G
               +--------+--------+--------+--------+--------+-----+--------+
         Total |   2492 |   2169 |    323 |    138 |   1551 |   3 |  830.7 |
       Dungeon |   2492 |   2169 |    323 |    138 |   1551 |   3 |  830.7 |
               +--------+--------+--------+--------+--------+-----+--------+

Top non-repeatable levels by time:
     D:2: 1240 daAuts
     D:1: 896 daAuts
     D:3: 355 daAuts
